 Dungeon Crawl Stone Soup version 0.31-a0-237-g2d982f9f85 (webtiles) character file.

Game seed: 2366731197462682394

7524 qw the Skirmisher (level 10, -1/91 HPs)
             Began as a Minotaur Hexslinger on July 10, 2023.
             Was a Believer of Okawaru.
             Slain by a two-headed ogre
             ... wielding a +0 giant club
              (15 damage)
             ... on level 10 of the Dungeon.
             The game lasted 00:03:57 (8997 turns).

qw the Skirmisher (Minotaur Hexslinger)             Turns: 8997, Time: 00:03:57

Health: -1/91      AC: 18    Str: 12    XL:     10   Next: 95%
Magic:  11/12      EV: 16    Int: 10    God:    Okawaru [**....]
Gold:   568        SH:  0    Dex: 18    Spells: 10/11 levels left

rFire   . . .        Y - +1 orcbow
rCold   . . .        (shield currently unavailable)
rNeg    . . .        c - +1 ring mail {Will+}
rPois   .            (helmet restricted)
rElec   .            j - +2 cloak
rCorr   .            d - +2 pair of gloves
SInv    +            h - +2 pair of boots
Will    +....        (no amulet)
Stlth   ++           o - ring of see invisible
HPRegen 0.35/turn    k - +4 ring of protection
MPRegen 0.13/turn

%: no passive effects
@: about to teleport, heroic, corroded
A: horns 2, retaliatory headbutt
a: Renounce Religion, Heroism


You were on level 10 of the Dungeon.
You worshipped Okawaru.
Okawaru was pleased with you.
You visited 2 branches of the dungeon, and saw 11 of its levels.

You collected 568 gold pieces.


Innate Abilities, Weirdness & Mutations

You have a pair of horns on your head.
You reflexively headbutt those who attack you in melee.


   Skills:
 + Level 9.2(14.2) Fighting
 - Level 14.0(19.0) Ranged Weapons
 - Level 5.1(10.1) Armour
 - Level 6.0(11.0) Dodging
 - Level 1.0 Spellcasting
 - Level 2.0 Hexes
 - Level 4.0 Invocations


You had 10 spell levels left.
You knew the following spells:

 Your Spells              Type           Power      Damage    Failure   Level
a - Slow                  Hex            16%        N/A       28%         1

Your spell library contained the following spells:

 Spells                   Type           Power      Damage    Failure   Level
 Inner Flame              Hex/Fire       2%         N/A       78%         3
 Portal Projectile        Hex/Tloc       4%         N/A       78%         3
 Cause Fear               Hex            2%         N/A       96%         4

Inventory:

Hand Weapons
 Y - a +1 orcbow (weapon)
Armour
 c - a +1 ring mail of willpower (worn)
 d - a +2 pair of gloves (worn)
 h - a +2 pair of boots (worn)
 i - +0 steam dragon scales
 j - a +2 cloak (worn)
Jewellery
 b - a ring of protection from fire
 k - a +4 ring of protection (right hand)
 o - a ring of see invisible (left hand)
 p - a +6 ring of strength
Wands
 e - a wand of digging (4)
Scrolls
 a - a scroll of identify
 g - a scroll of teleportation
Potions
 f - a potion of curing
 m - 2 potions of mutation
 n - a potion of haste

Dungeon Overview and Level Annotations

Branches:
Dungeon (10/15)            Temple (1/1) D:6
   Lair: D:8-11         Orc: D:9-12

Altars:
Ashenzari
Cheibriados
Dithmenos
Elyvilon
Fedhas
Gozag
Hepliaklqana
Kikubaaqudgha
Makhleb
Nemelex Xobeh
Okawaru
Qazlal
Ru
Sif Muna
Trog
Uskayaw
Vehumet
Wu Jian
Xom
Yredelemnul
Zin
The Shining One

Shops:
D:6 :

Annotations:
D:3 1 runed translucent door, qw's ghost, amateur MiHs


Message History

Okawaru accepts your kill.
You shoot an arrow.
The arrow hits the two-headed ogre but does no damage.
The two-headed ogre hits you with a +0 giant club! x2
You shoot an arrow. The arrow hits the two-headed ogre!
The two-headed ogre is lightly wounded.
The two-headed ogre barely misses you. You furiously retaliate!
You headbutt the two-headed ogre.
The two-headed ogre hits you but does no damage.
You shoot an arrow.
The arrow barely misses the two-headed ogre.
You shoot an arrow. The arrow hits the two-headed ogre!
The two-headed ogre is moderately wounded.
The two-headed ogre hits you with a +0 giant club.
The two-headed ogre barely misses you.
You shoot an arrow.
The arrow barely misses the two-headed ogre.
You shoot an arrow.
The arrow hits the two-headed ogre but does no damage.
The two-headed ogre is moderately wounded.
The two-headed ogre hits you with a +0 giant club!
The two-headed ogre hits you with a +0 dire flail.
The two-headed ogre hits you with a +0 giant club!
The two-headed ogre closely misses you.
You shoot an arrow. The arrow hits the two-headed ogre.
The two-headed ogre is moderately wounded.
The two-headed ogre hits you with a +0 giant club!
The two-headed ogre barely misses you.
8996 ||| READING 2 scrolls of teleportation.
As you read the scroll of teleportation, it crumbles to dust.
You feel strangely unstable. The two-headed ogre closely misses you.
You furiously retaliate!
You headbutt the two-headed ogre, but do no damage.
The two-headed ogre hits you with a +0 giant club.
You shoot an arrow. The arrow hits the two-headed ogre!
The two-headed ogre is heavily wounded.
The two-headed ogre closely misses you. You furiously retaliate!
You headbutt the two-headed ogre!
The two-headed ogre hits you with a +0 dire flail!
You die...

#...####.........#
#.... #.....##..#
#..... #.....##..#
.......#.........#
#(........#
#.........#
#.........#
#..####...# .
#.@.# >.....OO%#
...........
####...##....
..... ......
...... ......
....... ......
....... .....


You could see 2 two-headed ogres.

Vanquished Creatures
  A two-headed ogre (D:9)
  Maurice (D:9)
  Maggie (D:9)
  A troll (D:8)
  11 yaks
  Eustachio (D:5)
  A wyvern (D:9)
  Grum (D:9)
  2 steam dragons (D:8)
  2 acid dragons
  Edmund (D:4)
  A water moccasin (D:7)
  3 orc warriors
  2 black bears (D:8)
  2 ice beasts
  2 ogres
  4 wolves (D:9)
  2 phantoms (D:4)
  4 bullfrogs
  3 scorpions
  7 wights
  10 killer bees
  A howler monkey (D:8)
  A jelly (D:7)
  2 orc priests (D:9)
  A hound (D:7)
  4 iguanas
  14 orc wizards
  12 gnolls
  7 adders
  A shadow imp (D:8)
  A white imp (D:5)
  2 worms
  3 dart slugs
  34 orcs
  10 endoplasms
  2 giant cockroaches
  6 goblins
  8 hobgoblins
  3 jackals (D:4)
  2 quokkas
  7 ball pythons
  8 bats
  3 frilled lizards
  5 kobolds
  9 rats
209 creatures vanquished.

Notes
Turn   | Place    | Note
-------+----------+-------------------------------------------
     0 | D:1      | qw the Minotaur Hexslinger began the quest for the Orb.
     0 | D:1      | Reached XP level 1. HP: 16/16 MP: 1/1
     0 | D:1      | 0 ||| qw: Version: 0.3-a-52-g30416fa
     0 | D:1      | 0 ||| qw: Game counter: 5079
     0 | D:1      | 0 ||| qw: Melee chars always use a shield: true
     0 | D:1      | 0 ||| qw: God list: Okawaru
     0 | D:1      | 0 ||| qw: Allow faded altars: false
     0 | D:1      | 0 ||| qw: Do Orc after clearing Dungeon:15 true
     0 | D:1      | 0 ||| qw: Do second Lair branch before Depths: true
     0 | D:1      | 0 ||| qw: Lair rune preference: random
     0 | D:1      | 0 ||| qw: Goals: Normal
     0 | D:1      | 0 ||| PLANNING D:1-11
   103 | D:1      | Found a faded altar of an unknown god.
   217 | D:1      | Reached skill level 3 in Ranged Weapons
   267 | D:1      | Reached XP level 2. HP: 23/23 MP: 2/2
   702 | D:1      | 702 ||| UPGRADING to +2 pair of gloves.
   707 | D:1      | 707 ||| UPGRADING to +1 pair of boots.
   712 | D:1      | 712 ||| UPGRADING to +2 cloak.
   717 | D:1      | 717 ||| READING scroll labelled VABBOATUIPA.
   718 | D:1      | 718 ||| READING scroll labelled SEQE VIOTEUR.
   722 | D:1      | 722 ||| READING scroll labelled OZYLAWK EPLAAC.
   723 | D:1      | 723 ||| READING scroll labelled LOIPTE DOYQO.
   724 | D:1      | 724 ||| DRINKING 2 ruby potions.
   756 | D:1      | 756 ||| DROPPING scroll of poison.
   757 | D:1      | 757 ||| DROPPING potion of lignification.
   778 | D:2      | 778 ||| STAIRDANCE
   797 | D:2      | 797 ||| STAIRDANCE
   819 | D:2      | 819 ||| STAIRDANCE
   847 | D:2      | 847 ||| STAIRDANCE
   876 | D:2      | Reached XP level 3. HP: 28/29 MP: 3/3
   954 | D:2      | Reached skill level 4 in Ranged Weapons
  1309 | D:2      | Reached XP level 4. HP: 36/36 MP: 4/4
  1310 | D:2      | 1310 ||| UPGRADING to +0 leather armour.
  1320 | D:2      | 1320 ||| DROPPING +0 robe.
  1321 | D:2      | 1321 ||| READING scroll labelled GUYSSEAZXEE.
  1322 | D:2      | 1322 ||| READING scroll labelled MUVVECV IROQ.
  1323 | D:2      | 1323 ||| DRINKING 2 cyan potions.
  1324 | D:2      | 1324 ||| DRINKING 2 orange potions.
  1325 | D:2      | 1325 ||| DROPPING potion of attraction.
  1496 | D:3      | Found a glowing golden altar of the Shining One.
  1644 | D:3      | Found a runed translucent door.
  1644 | D:3      | Noticed a bullfrog
  1647 | D:3      | Noticed qw's ghost (amateur MiHs)
  1697 | D:3      | Reached skill level 1 in Armour
  1765 | D:3      | 1765 ||| FLEEEEING.
  1766 | D:3      | 1766 ||| FLEEEEING.
  1767 | D:3      | 1767 ||| FLEEEEING.
  1768 | D:3      | 1768 ||| FLEEEEING.
  1774 | D:3      | Reached skill level 5 in Ranged Weapons
  1940 | D:3      | Found a shadowy altar of Dithmenos.
  1972 | D:3      | 1972 ||| SWAPPING to +0 orcbow.
  1978 | D:3      | 1978 ||| DROPPING +2 sling.
  2209 | D:3      | 2209 ||| DROPPING +6 ring of intelligence.
  2254 | D:4      | Reached XP level 5. HP: 42/42 MP: 5/5
  2290 | D:4      | Noticed a phantom
  2307 | D:4      | Killed a phantom
  2490 | D:4      | Noticed Edmund
  2503 | D:4      | Killed Edmund
  2504 | D:4      | Reached skill level 6 in Ranged Weapons
  2504 | D:4      | Reached XP level 6. HP: 17/52 MP: 6/6
  2830 | D:4      | Reached skill level 7 in Ranged Weapons
  2841 | D:4      | HP: 13/52 [poisoned by an orc wizard]
  3032 | D:4      | Found an opulent altar of Gozag.
  3056 | D:4      | Reached XP level 7. HP: 59/59 MP: 7/7
  3109 | D:4      | Found a sacrificial altar of Ru.
  3109 | D:4      | Found a stormy altar of Qazlal.
  3141 | D:4      | 3141 ||| DROPPING +1 cloak.
  3142 | D:4      | 3142 ||| UPGRADING to +0 ring mail.
  3152 | D:4      | 3152 ||| DROPPING +0 leather armour.
  3153 | D:4      | 3153 ||| UPGRADING to ring of see invisible.
  3154 | D:4      | 3154 ||| READING scroll labelled LECWO CADENAMO.
  3182 | D:5      | Entered Level 5 of the Dungeon
  3214 | D:5      | Found a snail-covered altar of Cheibriados.
  3482 | D:5      | Reached skill level 8 in Ranged Weapons
  3547 | D:5      | 3547 ||| Stepping ~*~*~tactically~*~*~ (outnumbered).
  4327 | D:5      | 4327 ||| UPGRADING to +1 ring mail of willpower.
  4337 | D:5      | 4337 ||| DROPPING +0 ring mail.
  4338 | D:5      | 4338 ||| UPGRADING to +6 ring of strength.
  4377 | D:6      | Noticed Eustachio
  4396 | D:6      | 4396 ||| STAIRDANCE
  4453 | D:6      | 4453 ||| STAIRDANCE
  4467 | D:5      | HP: 14/61 [shadow imp[Eustachio] (2)]
  4468 | D:5      | 4468 ||| READING 3 scrolls of teleportation.
  4469 | D:5      | 4469 ||| DRINKING 2 potions of heal wounds.
  4470 | D:5      | Killed Eustachio
  4471 | D:5      | Reached XP level 8. HP: 24/68 MP: 8/8
  4775 | D:6      | 4775 ||| READING scroll of enchant armour.
  4775 | D:6      | 4775 ||| ENCHANTING +1 pair of boots.
  4790 | D:6      | Found a hide-covered altar of Uskayaw.
  4792 | D:6      | Noticed a +0 hand axe
  4795 | D:6      | Noticed a +0 dagger
  4809 | D:6      | Reached skill level 3 in Dodging
  4856 | D:6      | Found a staircase to the Ecumenical Temple.
  4857 | D:6      | 4857 ||| PLANNING TEMPLE
  4857 | D:6      | 4857 ||| UPGRADING to ring of protection from fire.
  4868 | Temple   | Entered the Ecumenical Temple
  4870 | Temple   | 4870 ||| PLANNING OKAWARU WORSHIP
  4906 | Temple   | Became a worshipper of Warmaster Okawaru
  4907 | Temple   | 4907 ||| PLANNING D:1-11
  4939 | D:6      | Reached skill level 9 in Ranged Weapons
  5061 | D:6      | Found Ucveirac's Book Shoppe.
  5167 | D:6      | Reached skill level 3 in Armour
  5398 | D:6      | 5398 ||| READING scroll labelled YXEW APLUPO.
  5399 | D:6      | 5399 ||| DRINKING 2 bubbling sapphire potions.
  5449 | D:7      | Reached skill level 6 in Fighting
  5457 | D:7      | HP: 15/63 [gnoll/+0 halberd (8)]
  5458 | D:7      | 5458 ||| READING 3 scrolls of teleportation.
  5459 | D:7      | 5459 ||| DRINKING potion of heal wounds.
  5460 | D:7      | Found an ancient bone altar of Kikubaaqudgha.
  5751 | D:7      | Reached skill level 10 in Ranged Weapons
  5829 | D:7      | Found a broken altar of Ashenzari.
  6290 | D:7      | 6290 ||| UPGRADING to +4 ring of protection.
  6292 | D:7      | 6292 ||| DRINKING 2 smoky clear potions.
  6293 | D:7      | 6293 ||| DRINKING 2 emerald potions.
  6294 | D:7      | 6294 ||| READING 3 scrolls of identify.
  6294 | D:7      | 6294 ||| IDENTIFYING amethyst potion
  6295 | D:7      | 6295 ||| READING 2 scrolls of identify.
  6295 | D:7      | 6295 ||| IDENTIFYING fuming orange potion
  6296 | D:7      | 6296 ||| DROPPING potion of ambrosia.
  6297 | D:7      | 6297 ||| DROPPING potion of degeneration.
  6298 | D:7      | 6298 ||| DROPPING potion of brilliance.
  6399 | D:8      | Reached * piety under Okawaru
  6400 | D:8      | Reached XP level 9. HP: 79/79 MP: 9/9
  6406 | D:8      | 6406 ||| INVOKING Heroism.
  6418 | D:8      | Reached skill level 11 in Ranged Weapons
  6418 | D:8      | Reached skill level 1 in Invocations
  6418 | D:8      | 6418 ||| INVOKING Heroism.
  6422 | D:8      | HP: 16/79 [yak (6)]
  6423 | D:8      | 6423 ||| READING 2 scrolls of teleportation.
  6435 | D:8      | 6435 ||| FLEEEEING.
  6436 | D:8      | 6436 ||| FLEEEEING.
  6437 | D:8      | 6437 ||| FLEEEEING.
  6438 | D:8      | 6438 ||| FLEEEEING.
  6439 | D:8      | 6439 ||| FLEEEEING.
  6440 | D:8      | 6440 ||| FLEEEEING.
  6441 | D:8      | 6441 ||| FLEEEEING.
  6442 | D:8      | 6442 ||| FLEEEEING.
  6443 | D:8      | 6443 ||| FLEEEEING.
  6444 | D:8      | 6444 ||| FLEEEEING.
  6447 | D:8      | 6447 ||| INVOKING Heroism.
  6537 | D:8      | 6537 ||| INVOKING Heroism.
  6606 | D:8      | 6606 ||| INVOKING Heroism.
  6621 | D:8      | 6621 ||| Stepping ~*~*~tactically~*~*~ (cloud).
  6906 | D:8      | Identified the +9 hand axe "Ikioxeov" {vamp, rN+ SInv}
  6932 | D:8      | 6932 ||| READING scroll labelled HAEBUON ZOADD.
  6933 | D:8      | 6933 ||| READING 2 scrolls of identify.
  6933 | D:8      | 6933 ||| IDENTIFYING puce potion
  6935 | D:8      | 6935 ||| INVOKING Heroism.
  6950 | D:8      | Reached skill level 12 in Ranged Weapons
  7064 | D:8      | Noticed a troll
  7065 | D:8      | 7065 ||| INVOKING Heroism.
  7079 | D:8      | Killed a troll
  7080 | D:8      | Reached skill level 3 in Invocations
  7612 | D:9      | Noticed Maurice
  7624 | D:9      | 7624 ||| INVOKING Heroism.
  7639 | D:9      | Killed Maurice
  7640 | D:9      | Reached XP level 10. HP: 39/90 MP: 9/12
  7818 | D:9      | Noticed Grum
  7819 | D:9      | 7819 ||| INVOKING Heroism.
  7822 | D:9      | 7822 ||| DRINKING 2 potions of curing.
  7822 | D:9      | 7822 ||| (to cure confusion)
  7851 | D:9      | 7851 ||| INVOKING Heroism.
  7854 | D:9      | Killed Grum
  8048 | D:9      | 8048 ||| INVOKING Heroism.
  8102 | D:9      | 8102 ||| READING scroll of enchant weapon.
  8102 | D:9      | 8102 ||| ENCHANTING +0 orcbow.
  8145 | D:9      | Reached ** piety under Okawaru
  8153 | D:9      | 8153 ||| INVOKING Heroism.
  8155 | D:9      | Reached skill level 13 in Ranged Weapons
  8160 | D:9      | HP: 20/90 [acid dragon/splash of acid (19)]
  8161 | D:9      | 8161 ||| READING 4 scrolls of teleportation.
  8162 | D:9      | Noticed Maggie
  8175 | D:9      | 8175 ||| READING 3 scrolls of teleportation.
  8176 | D:9      | 8176 ||| FLEEEEING.
  8177 | D:9      | 8177 ||| FLEEEEING.
  8298 | D:9      | 8298 ||| FLEEEEING.
  8339 | D:9      | 8339 ||| FLEEEEING.
  8455 | D:9      | Reached skill level 9 in Fighting
  8483 | D:9      | 8483 ||| INVOKING Heroism.
  8485 | D:9      | Killed Maggie
  8601 | D:9      | Noticed a two-headed ogre
  8602 | D:9      | 8602 ||| INVOKING Heroism.
  8615 | D:9      | Killed a two-headed ogre
  8731 | D:9      | Reached skill level 14 in Ranged Weapons
  8757 | D:9      | 8757 ||| INVOKING Heroism.
  8882 | D:10     | Entered Level 10 of the Dungeon
  8967 | D:10     | Reached skill level 6 in Dodging
  8982 | D:10     | Noticed a two-headed ogre
  8983 | D:10     | 8983 ||| INVOKING Heroism.
  8985 | D:10     | Noticed a two-headed ogre
  8995 | D:10     | HP: 15/91 [two-headed ogre/+0 giant club (9)]
  8996 | D:10     | 8996 ||| READING 2 scrolls of teleportation.
  8997 | D:10     | Slain by a two-headed ogre

Levels and vault maps discovered:
D:1:      evilmike_arrival_plus, layout_loops_ring,
          hellmonk_ecumenical_altar_zigzags
D:2:      layout_rooms
D:3:      layout_loops_corners, mainiacjoe_overflow_brackets,
          mainiacjoe_overflow_24_doors, ebering_ghost_sewer_d
D:4:      layout_loops_cross, chequers_temple_overflow_statue_of_worship,
          grunt_gozag_statues, uniq_edmund
D:5:      layout_basic, slow_altar_1
D:6:      layout_gridville, dancing_weapons_uskayaw,
          minmay_temple_entry_sparse_star, serial_shops,
          nicolae_shop_back_alley_shop, uniq_eustachio
D:7:      layout_gridville, mainiacjoe_overflow_cross_hatched,
          overflow_temple_1_default, dreamdust_gnoll_farm
D:8:      minmay_inner_zag, layout_basic
D:9:      layout_cave_pools, kennysheep_generic_room_13, uniq_maurice,
          uniq_maggie, uniq_grum
D:10:     cheibrodos_frozen_isle, layout_stronghold, enter_trove_2,
          serial_shops, shop, serial_bayou, serial_bayou_pond_b,
          serial_bayou_pond_e, serial_bayou_pond_c, serial_bayou_lagoon_a,
          nrook_campfire
Temple:   nicolae_temple_ecumenical_triangle

Skill      XL: |  1  2  3  4  5  6  7  8  9 10 |
---------------+-------------------------------+-----
Ranged Weapons | 3 4 5 6 7 8 10 12 14 | 14.0
Fighting       | 2 4 5 7 8 9 |  9.2
Armour         | 1 2 3 4 5 |  5.1
Dodging        | 3 4 6 |  6.0
Invocations    | 4 |  4.0
Spellcasting   | |  1.0
Hexes          | |  2.0

Action                     |  1- 3 |  4- 6 |  7- 9 | 10-12 || total
---------------------------+-------+-------+-------+-------++-------
   Fire: Sling             |   103 |    53 |       |       ||   156
         Orcbow            |       |   115 |   420 |   218 ||   753
 Invoke: Heroism           |       |       |     8 |     8 ||    16
    Use: Scroll            |     4 |     2 |    10 |     4 ||    20
         Potion            |     1 |     2 |     5 |     1 ||     9
 Armour: Robe              |     8 |       |       |       ||     8
         Leather armour    |       |    50 |       |       ||    50
         Ring mail         |       |       |   173 |    86 ||   259
  Dodge: Dodged            |    25 |    40 |   232 |   153 ||   450

Table legend:
 A = Non-vault XP
 B = Vault XP
 C = Vault XP percentage of total XP
 D = Non-vault monster count
 E = Vault monster count
 F = Vault count percentage of total count
                 A         B        C        D         E       F
            +---------+---------+-------+---------+---------+-------
      Total |    8076 |    2673 |  24.9 |     186 |      23 |  11.0
            +---------+---------+-------+---------+---------+-------
        D:1 |      31 |       0 |   0.0 |      22 |       0 |   0.0
        D:2 |      67 |       0 |   0.0 |      17 |       0 |   0.0
        D:3 |      87 |       0 |   0.0 |      21 |       0 |   0.0
        D:4 |     420 |     154 |  26.8 |      26 |       1 |   3.7
        D:5 |     467 |     207 |  30.7 |      17 |       2 |  10.5
        D:6 |     545 |       0 |   0.0 |      11 |       0 |   0.0
        D:7 |     518 |      95 |  15.5 |      12 |       5 |  29.4
        D:8 |    1899 |     590 |  23.7 |      19 |       7 |  26.9
        D:9 |    3536 |    1627 |  31.5 |      31 |       8 |  20.5
       D:10 |     506 |       0 |   0.0 |      10 |       0 |   0.0
            +---------+---------+-------+---------+---------+-------
